 Dungeon Crawl Stone Soup version 0.26.1-10-gdfb7c7de75 (webtiles) character file.

Game seed: 14433226617213288663

77 Almogavar the Shooter (level 4, -6/34 HPs)
             Began as a Gnoll Wanderer on Apr 9, 2021.
             Killed by divine providence
             ... invoked by an orc priest
              (14 damage)
             ... on level 3 of the Dungeon.
             The game lasted 00:04:59 (1742 turns).

Almogavar the Shooter (Gnoll Wanderer)              Turns: 1742, Time: 00:04:59

Health: -6/34      AC:  5    Str: 17    XL:     4   Next: 33%
Magic:  8/8        EV: 11    Int: 12    God:
Gold:   98         SH:  0    Dex: 15    Spells: 7/9 levels left

rFire    . . .     SeeInvis .   n - +0 falchion
rCold    . . .     Faith    .   (no shield)
rNeg     . . .     Spirit   .   d - +0 ring mail
rPois    .         Reflect  .   (no helmet)
rElec    .         Harm     .   (no cloak)
rCorr    .         Rampage  .   (no gloves)
Will     .....                  (no boots)
Stlth    ++........             (no amulet)
HPRegen  0.11/turn              (no ring)
MPRegen  0.11/turn              (no ring)

@: no status effects
A: distributed training, fangs 1, strong nose
a: no special abilities


You were on level 3 of the Dungeon.
You visited 1 branch of the dungeon, and saw 3 of its levels.

You collected 98 gold pieces.

Inventory:

Hand Weapons
 a - a +0 shortbow
 l - a +0 short sword
 n - a +0 falchion (weapon)
Missiles
 c - 56 arrows
Armour
 d - a +0 ring mail (worn)
Scrolls
 b - a scroll of enchant armour {unknown}
 e - a scroll of teleportation {unknown}
 g - a scroll of remove curse {unknown}
 i - a scroll of amnesia {unknown}
 k - a scroll of identify {unknown}
Potions
 f - a potion of heal wounds {unknown}
 h - a potion of curing
 j - a potion of magic {unknown}
 m - a potion of might {unknown}


   Skills:
 + Level 2.7 Fighting
 + Level 1.1 Short Blades
 + Level 1.1 Long Blades
 + Level 1.1 Axes
 + Level 1.1 Maces & Flails
 + Level 1.1 Polearms
 + Level 1.1 Staves
 + Level 1.1 Slings
 + Level 6.6 Bows
 + Level 1.1 Crossbows
 + Level 2.7 Throwing
 + Level 2.7 Armour
 + Level 1.1 Dodging
 + Level 2.5 Stealth
 + Level 1.1 Shields
 + Level 1.1 Unarmed Combat
 + Level 3.0 Spellcasting
 + Level 0.8 Conjurations
 + Level 0.8 Hexes
 + Level 0.8 Summonings
 + Level 0.8 Necromancy
 + Level 3.8 Translocations
 + Level 0.8 Transmutations
 + Level 0.8 Fire Magic
 + Level 0.8 Ice Magic
 + Level 0.8 Air Magic
 + Level 0.8 Earth Magic
 + Level 0.8 Poison Magic
 + Level 1.2 Invocations
 + Level 1.1 Evocations


You had 7 spell levels left.
You knew the following spells:

 Your Spells              Type           Power        Failure   Level
a - Blink                 Tloc           N/A          14%         2

Your spell library contained the following spells:

 Spells                   Type           Power        Failure   Level
 Gell's Gravitas          Tloc           5%           26%         3
 Lesser Beckoning         Tloc           5%           26%         3
 Teleport Other           Tloc           11%          26%         3
 Passage of Golubria      Tloc           N/A          65%         4


Dungeon Overview and Level Annotations

Branches:
Dungeon (3/15)

Altars:
The Shining One


Innate Abilities, Weirdness & Mutations

Your experience applies equally to all skills.
You have very sharp teeth.
Your uncanny sense of smell can sniff out nearby items.


Message History

The orc priest closely misses you.
The orc priest hits you but does no damage.
You hit the orc priest but do no damage.
You bite the orc priest, but do no damage.
The orc priest is moderately wounded.
The orc priest hits you but does no damage.
You barely miss the orc priest.
The orc priest is moderately wounded.
The orc priest hits you but does no damage.
You barely miss the orc priest.
The orc priest is moderately wounded.
The orc priest hits you.
The orc priest calls down the wrath of Beogh upon you.
Beogh smites you!
* * * LOW HITPOINT WARNING * * *
You closely miss the orc priest.
The orc priest is moderately wounded.
The orc priest calls down the wrath of Beogh upon you.
Beogh smites you!
You die...

.## ##.##. #
......### # #... .(#
####
#######..####.####(##
...# #..
.....>.@oo((((..#
##.# #.#
##.....##o##..?..
##.###.####..##.##.#
...
.........†....#.##.#
.
##.###.####........#
>..# #.###......####
#### #..........##
#######........#
#........#.##..#


You could see 2 orc priests and an orc.

Vanquished Creatures
  2 adders (D:2)
  2 worms (D:2)
  4 leopard geckos
  2 orcs (D:3)
  A ball python (D:1)
  4 bats
  5 giant cockroaches
  3 goblins
  6 hobgoblins
  2 frilled lizards (D:1)
  5 kobolds
  8 rats
44 creatures vanquished.

Notes
Turn   | Place    | Note
-------+----------+-------------------------------------------
     0 | D:1      | Almogavar the Gnoll Wanderer began the quest for the Orb.
     0 | D:1      | Almogavar set off with the following items: a +0 shortbow,
                  | 24 arrows, a +0 ring mail; and the following spells
                  | available to memorise: Blink, Gell's Gravitas, Lesser
                  | Beckoning, Teleport Other, Passage of Golubria
     0 | D:1      | Reached XP level 1. HP: 17/17 MP: 4/4
   207 | D:1      | Reached XP level 2. HP: 23/23 MP: 5/5
   879 | D:1      | Reached XP level 3. HP: 28/28 MP: 7/7
   891 | D:1      | Learned a level 2 spell: Blink
  1079 | D:2      | Reached skill level 1 in Invocations
  1104 | D:2      | Reached skill level 1 in Short Blades
  1104 | D:2      | Reached skill level 1 in Long Blades
  1104 | D:2      | Reached skill level 1 in Axes
  1104 | D:2      | Reached skill level 1 in Maces & Flails
  1104 | D:2      | Reached skill level 1 in Polearms
  1104 | D:2      | Reached skill level 1 in Staves
  1104 | D:2      | Reached skill level 1 in Slings
  1104 | D:2      | Reached skill level 1 in Crossbows
  1104 | D:2      | Reached skill level 1 in Dodging
  1104 | D:2      | Reached skill level 1 in Shields
  1104 | D:2      | Reached skill level 1 in Unarmed Combat
  1104 | D:2      | Reached skill level 1 in Evocations
  1192 | D:2      | Reached XP level 4. HP: 34/34 MP: 8/8
  1213 | D:2      | Found a glowing golden altar of the Shining One.
  1742 | D:3      | Killed from afar by an orc priest

Illustrated notes

Levels and vault maps discovered:
D:1:      nzn_arrival_water_spiral, layout_loops_corners
D:2:      layout_rooms, grunt_ministairs_15, nicolae_tso_carved_into_rock
D:3:      layout_loops_cross, st_stairs_10

Skill      XL: |  1  2  3  4 |
---------------+-------------+-----
Invocations    | 1 |  1.2
Short Blades   | 1 |  1.1
Long Blades    | 1 |  1.1
Axes           | 1 |  1.1
Maces & Flails | 1 |  1.1
Polearms       | 1 |  1.1
Staves         | 1 |  1.1
Slings         | 1 |  1.1
Crossbows      | 1 |  1.1
Dodging        | 1 |  1.1
Shields        | 1 |  1.1
Unarmed Combat | 1 |  1.1
Evocations     | 1 |  1.1
Spellcasting   | 3 |  3.0
Fighting       | |  2.7
Bows           | |  6.6
Throwing       | |  2.7
Armour         | |  2.7
Stealth        | |  2.5
Conjurations   | |  0.8
Hexes          | |  0.8
Summonings     | |  0.8
Necromancy     | |  0.8
Translocations | |  3.8
Transmutations | |  0.8
Fire Magic     | |  0.8
Ice Magic      | |  0.8
Air Magic      | |  0.8
Earth Magic    | |  0.8
Poison Magic   | |  0.8

Action                   |  1- 3 |  4- 6 || total
-------------------------+-------+-------++-------
Melee: Falchion          |       |     8 ||     8
       Bite              |       |     2 ||     2
 Fire: Shortbow          |   101 |    42 ||   143
  Use: Potion            |       |     1 ||     1
Armor: Ring mail         |     4 |     6 ||    10
Dodge: Dodged            |    15 |    12 ||    27
       Rpst.: Falchion   |       |     1 ||     1
